 Dungeon Crawl Stone Soup version 0.27.0-1-g7a089689b8 (webtiles) character file.

Game seed: 8195480362649865552

34 trckry the Grasshopper (level 3, 0/37 HPs)
             Began as an Ogre Warper on Aug 11, 2021.
             Was a Follower of Sif Muna.
             Succumbed to an adder's poison
             ... on level 2 of the Dungeon.
             The game lasted 00:01:29 (1248 turns).

trckry the Grasshopper (Ogre Warper)                Turns: 1248, Time: 00:01:30

Health: 0/37       AC:  3    Str: 15    XL:     3   Next: 31%
Magic:  6/6        EV:  9    Int: 15    God:    Sif Muna [*.....]
Gold:   37         SH:  0    Dex:  8    Spells: 7/7 levels left

rFire    . . .     SeeInvis .   a - +0 mace
rCold    . . .     Faith    .   (no shield)
rNeg     . . .     Spirit   .   b - +0 robe
rPois    .         Reflect  .   (helmet restricted)
rElec    .         Harm     .   (no cloak)
rCorr    .         Rampage  .   (gloves unavailable)
Will     .....                  (boots unavailable)
Stlth    +.........             (no amulet)
HPRegen  0.12/turn              (no ring)
MPRegen  0.10/turn              (no ring)

@: lethally poisoned (0 -> -4)
A: large, unfitting armour, tough skin 1
a: Renounce Religion, Channel Magic


You were on level 2 of the Dungeon.
You worshipped Sif Muna.
Sif Muna was aware of your devotion.
You visited 1 branch of the dungeon, and saw 2 of its levels.

You collected 37 gold pieces.

Inventory:

Hand Weapons
 a - a +0 mace (weapon)
Missiles
 d - 5 boomerangs of dispersal (quivered)
Armour
 b - a +0 robe (worn)
Scrolls
 c - a scroll of blinking
 f - a scroll of enchant armour {unknown}
 g - a scroll of identify {unknown}
Potions
 e - a potion of berserk rage {unknown}


   Skills:
 + Level 3.0 Fighting
 * Level 2.3 Maces & Flails
 + Level 1.4 Throwing
 - Level 2.1 Dodging
 + Level 2.6 Spellcasting
 * Level 3.1 Translocations


You had 7 spell levels left.
You didn't know any spells.
Your spell library contained the following spells:

 Spells                   Type           Power      Damage    Failure   Level
 Blink                    Tloc           N/A        N/A       9%          2
 Gell's Gravitas          Tloc           5%         N/A       17%         3
 Lesser Beckoning         Tloc           5%         N/A       17%         3
 Teleport Other           Tloc           11%        N/A       17%         3
 Manifold Assault         Tloc           11%        N/A       85%         5


Dungeon Overview and Level Annotations

Branches:
Dungeon (2/15)

Altars:
Sif Muna


Innate Abilities, Weirdness & Mutations

You are too large for most types of armour.
You have tough skin. (AC +1)


Message History

You take 1 damage, and have 21/37 hp.
You barely miss the adder.
You feel sick. The adder bites you.
You take 5 damage, and have 16/37 hp.
You thump the adder!
The adder is severely wounded.
You feel sick. The adder bites you.
* * * LOW HITPOINT WARNING * * *
The adder bites you but does no damage.
You take 5 damage, and have 11/37 hp.
You closely miss the adder.
The adder is severely wounded.
You feel sick. The adder bites you.
* * * LOW HITPOINT WARNING * * *
You are lethally poisoned!
The adder poisons you! The adder bites you but does no damage.
You take 3 damage, and have 8/37 hp.
You miss the adder.
The adder is severely wounded.
* * * LOW HITPOINT WARNING * * *
You feel sick. The adder closely misses you.
A bat comes into view.
You take 2 damage, and have 6/37 hp.
You barely miss the adder.
The adder is severely wounded.
* * * LOW HITPOINT WARNING * * *
You feel sick. The bat closely misses you. The adder barely misses you.
The bat hits you.
* * * LOW HITPOINT WARNING * * *
The adder bites you but does no damage.
You take 3 damage, and have 3/37 hp.
You closely miss the adder.
The adder is severely wounded.
* * * LOW HITPOINT WARNING * * *
You feel sick. The bat barely misses you. The bat hits you.
* * * LOW HITPOINT WARNING * * *
The adder bites you but does no damage. x2
You take 2 damage, and have 1/37 hp.
You closely miss the adder.
The adder is severely wounded.
You die...

# ####. #..(#
... ... #.#
#S#
########@###.#
#....†.).b...#
#.#######.#..#
#.# .# ....
#.# .# #.# #.#
.# # #.# ####
.# #.# #.. ..
#.# #.#


You could see an adder and a bat.

Vanquished Creatures
  An adder (D:2)
  A dart slug (D:1)
  2 endoplasms (D:1)
  2 giant cockroaches (D:1)
  3 goblins
  3 hobgoblins
  2 jackals (D:1)
  A quokka (D:1)
  2 ball pythons (D:1)
  A bat (D:1)
  3 frilled lizards (D:1)
  A rat (D:1)
22 creatures vanquished.

Notes
Turn   | Place    | Note
-------+----------+-------------------------------------------
     0 | D:1      | trckry the Ogre Warper began the quest for the Orb.
     0 | D:1      | Reached XP level 1. HP: 22/22 MP: 3/3
   249 | D:1      | Reached XP level 2. HP: 24/29 MP: 3/5
   835 | D:1      | Found a faded altar of an unknown god.
   842 | D:1      | Became a worshipper of Sif Muna the Loreminder
   842 | D:1      | Reached * piety under Sif Muna
  1198 | D:2      | Reached XP level 3. HP: 32/37 MP: 6/6
  1246 | D:2      | HP: 4/37 [poisoned by an adder]
  1247 | D:2      | HP: 1/37 [bat (1)]
  1248 | D:2      | Succumbed to an adder's poison

Illustrated notes

Levels and vault maps discovered:
D:1:      shiori_angband_town, layout_basic,
          dreamdust_ecumenical_altar_hidden_monk_grotto, kennysheep_nondescript
D:2:      layout_loops_ring, basic_altar

Skill      XL: |  1  2 |
---------------+-------+-----
Maces & Flails | 2 |  2.3
Translocations | 3 |  3.1
Fighting       | 3 |  3.0
Throwing       | |  1.4
Dodging        | |  2.1
Spellcasting   | |  2.6

Action                   || total
-------------------------++-------
Melee: Mace              ||    83
Armor: Robe              ||    32
Dodge: Dodged            ||    47
